AAA
TUCSON TOROS @ RICHMOND RAMS
06/29/2060
 
TOP OF THE 1ST
Tucson Toros batting - Pitching for Richmond Rams : RHP Johnny Lawson
Pitching: RHP Johnny Lawson
Batting: RHB Devin Mastroianni 0-0: Ball
1-0: Foul Ball, location: 2F
1-1: Called Strike
1-2: Ground out 4-3 (Groundball, 4M, EV 96.9 MPH)
Batting: RHB Landon Dorfmeyer 0-0: Ball
1-0: Called Strike
1-1: Ball
2-1: SINGLE (Flyball, 8RS, EV 84.4 MPH)
Batting: LHB Michael Hughes 0-0: Foul Ball, location: 2F
0-1: Foul Ball, location: 2F
0-2: Ball
1-2: Fly out, F9 (Flyball, 89M, EV 88.8 MPH)
Batting: LHB Dave Hargrave 0-0: Called Strike
0-1: Ball
1-1: Swinging Strike
1-2: Ball
2-2: Fielders Choice at 2nd, U4 (Groundball, 4M, EV 83.1 MPH)
Top of the 1st over - 0 runs, 1 hit, 0 errors, 1 left on base; Tucson 0 - Richmond 0
BOTTOM OF THE 1ST
Richmond Rams batting - Pitching for Tucson Toros : RHP Jim Bichsel
Pitching: RHP Jim Bichsel
Batting: RHB Ken Daly 0-0: Swinging Strike
0-1: Ball
1-1: Fly out, F8 (Flyball, 78D, EV 100.0 MPH)
Batting: SHB Seth Estee 0-0: Ball
1-0: Called Strike
1-1: Ground out U3 (Groundball, 3L, EV 81.2 MPH)
Batting: RHB Louis Hockney 0-0: Ball
1-0: Ground out 5-3 (Groundball, 5, EV 85.0 MPH)
Bottom of the 1st over - 0 runs, 0 hits, 0 errors, 0 left on base; Tucson 0 - Richmond 0
TOP OF THE 2ND
Tucson Toros batting - Pitching for Richmond Rams : RHP Johnny Lawson
Batting: LHB Ozzie Young 0-0: SINGLE (Line Drive, 8RS, EV 98.8 MPH)
Batting: RHB Mason Eubanks 0-0: Fielders Choice at 2nd, 6-4 (Groundball, 6, EV 75.6 MPH)
Batting: LHB Eaton Duda 0-0: Called Strike
0-1: Called Strike
0-2: Ball
Mason Eubanks is caught stealing 2nd base 2-6
1-2: Ball
2-2: Ball
3-2: Foul Ball, location: 2F
3-2: Strikes out looking
Top of the 2nd over - 0 runs, 1 hit, 0 errors, 0 left on base; Tucson 0 - Richmond 0
BOTTOM OF THE 2ND
Richmond Rams batting - Pitching for Tucson Toros : RHP Jim Bichsel
Batting: RHB Jaime Herring 0-0: Ball
1-0: Swinging Strike
1-1: Ball
2-1: Foul Ball, location: 2F
2-2: Ground out 1-3 (Groundball, 34S, EV 71.9 MPH)
Batting: LHB Evan Wilson 0-0: Ball
1-0: Ball
2-0: Ball
3-0: Called Strike
3-1: Base on Balls
Batting: LHB Logan Sparks 0-0: Ball
1-0: Ball
2-0: Called Strike
2-1: Foul Ball, location: 2F
2-2: Ball
3-2: Foul Ball, location: 2F
3-2: Foul Ball, location: 2F
3-2: Fly out, F7 (Flyball, 78M, EV 73.8 MPH)
Batting: RHB Lou Winfield 0-0: Ball
1-0: Fly out, F7 (Flyball, 78M, EV 90.6 MPH)
Bottom of the 2nd over - 0 runs, 0 hits, 0 errors, 1 left on base; Tucson 0 - Richmond 0
TOP OF THE 3RD
Tucson Toros batting - Pitching for Richmond Rams : RHP Johnny Lawson
Batting: RHB Drake Ferris 0-0: Foul Ball, location: 2F
0-1: Fly out, F7 (Line Drive, 7LM, EV 111.2 MPH)
Batting: LHB Autry Subandrio 0-0: Called Strike
0-1: Ball
1-1: Ball
2-1: Ground out 4-3 (Groundball, 4, EV 78.1 MPH)
Batting: RHB Devin Mastroianni 0-0: Ball
1-0: Fly out, F9 (Line Drive, 8RD, EV 94.4 MPH)
Top of the 3rd over - 0 runs, 0 hits, 0 errors, 0 left on base; Tucson 0 - Richmond 0
BOTTOM OF THE 3RD
Richmond Rams batting - Pitching for Tucson Toros : RHP Jim Bichsel
Batting: RHB Joey Shelton 0-0: Called Strike
0-1: Ball
1-1: Ball
2-1: Foul Ball, location: 2F
2-2: Ball
3-2: Foul Ball, location: 2F
3-2: Fly out, F8 (Flyball, 8RS, EV 92.5 MPH)
Batting: LHB Kenny Hillestad 0-0: Ball
1-0: Ball
2-0: Swinging Strike
2-1: Ground out 1-3 (Groundball, 34S, EV 68.1 MPH)
Batting: RHB Ken Daly 0-0: Called Strike
0-1: Ground out 4-3 (Groundball, 4, EV 103.1 MPH)
Bottom of the 3rd over - 0 runs, 0 hits, 0 errors, 0 left on base; Tucson 0 - Richmond 0
TOP OF THE 4TH
Tucson Toros batting - Pitching for Richmond Rams : RHP Johnny Lawson
Batting: RHB Landon Dorfmeyer 0-0: Ground out 4-3 (Groundball, 4, EV 88.1 MPH)
Batting: LHB Michael Hughes 0-0: Fly out, F4 (Popup, 34D, EV 58.8 MPH)
Batting: LHB Dave Hargrave 0-0: Foul Ball, location: 2F
0-1: Swinging Strike
0-2: Ball
1-2: Strikes out swinging
Top of the 4th over - 0 runs, 0 hits, 0 errors, 0 left on base; Tucson 0 - Richmond 0
BOTTOM OF THE 4TH
Richmond Rams batting - Pitching for Tucson Toros : RHP Jim Bichsel
Batting: SHB Seth Estee 0-0: Ball
1-0: Foul Ball, location: 2F
1-1: Called Strike
1-2: Ball
2-2: Ball
3-2: Strikes out swinging
Batting: RHB Louis Hockney 0-0: Called Strike
0-1: SINGLE (Groundball, 6M, EV 78.8 MPH) (infield hit)
Batting: RHB Jaime Herring 0-0: Ball
Louis Hockney is caught stealing 2nd base 2-4
1-0: Ball
2-0: Ball
3-0: Base on Balls
Batting: LHB Evan Wilson 0-0: Called Strike
0-1: Ball
1-1: Ball
2-1: Foul Ball, location: 2F
2-2: Foul Ball, location: 2F
2-2: Strikes out swinging
Bottom of the 4th over - 0 runs, 1 hit, 0 errors, 1 left on base; Tucson 0 - Richmond 0
TOP OF THE 5TH
Tucson Toros batting - Pitching for Richmond Rams : RHP Johnny Lawson
Batting: LHB Ozzie Young 0-0: Ground out 4-3 (Groundball, 4M, EV 80.6 MPH)
Batting: RHB Mason Eubanks 0-0: Ball
1-0: Ball
2-0: Fly out, F8 (Flyball, 8RD, EV 89.4 MPH)
Batting: LHB Eaton Duda 0-0: Called Strike
0-1: Foul Ball, location: 2F
0-2: Strikes out looking
Top of the 5th over - 0 runs, 0 hits, 0 errors, 0 left on base; Tucson 0 - Richmond 0
BOTTOM OF THE 5TH
Richmond Rams batting - Pitching for Tucson Toros : RHP Jim Bichsel
Batting: LHB Logan Sparks 0-0: Called Strike
0-1: Swinging Strike
0-2: Ball
1-2: SINGLE (Groundball, 6S, EV 68.1 MPH) (infield hit)
Batting: RHB Lou Winfield 0-0: Ball
1-0: Ball
2-0: Sac Bunt to 23 - play at first, batter OUT! 3-4
Logan Sparks to second
Batting: RHB Joey Shelton 0-0: Foul Ball, location: 2F
0-1: Ground out 5-3 (Groundball, 56, EV 93.1 MPH)
Batting: LHB Kenny Hillestad 0-0: Ball
1-0: Called Strike
1-1: Ball
2-1: Ground out U3 (Groundball, 3S, EV 88.1 MPH)
Bottom of the 5th over - 0 runs, 1 hit, 0 errors, 1 left on base; Tucson 0 - Richmond 0
TOP OF THE 6TH
Tucson Toros batting - Pitching for Richmond Rams : RHP Johnny Lawson
Batting: RHB Drake Ferris 0-0: Ball
1-0: Called Strike
1-1: Ground out 5-3 (Groundball, 56, EV 81.2 MPH)
Batting: LHB Autry Subandrio 0-0: Called Strike
0-1: Fly out, F7 (Flyball, 78S, EV 92.5 MPH)
Batting: RHB Devin Mastroianni 0-0: Ball
1-0: Called Strike
1-1: Fly out, F8 (Flyball, 78D, EV 93.8 MPH)
Top of the 6th over - 0 runs, 0 hits, 0 errors, 0 left on base; Tucson 0 - Richmond 0
BOTTOM OF THE 6TH
Richmond Rams batting - Pitching for Tucson Toros : RHP Jim Bichsel
Batting: RHB Ken Daly 0-0: Swinging Strike
0-1: Fly out, F9 (Line Drive, 89M, EV 96.2 MPH)
Batting: SHB Seth Estee 0-0: Called Strike
0-1: Ball
1-1: Swinging Strike
1-2: Foul Ball, location: 2F
1-2: Ball
2-2: Strikes out looking
Batting: RHB Louis Hockney 0-0: Called Strike
0-1: Fly out, F8 (Line Drive, 8LM, EV 105.0 MPH)
Bottom of the 6th over - 0 runs, 0 hits, 0 errors, 0 left on base; Tucson 0 - Richmond 0
TOP OF THE 7TH
Tucson Toros batting - Pitching for Richmond Rams : RHP Johnny Lawson
Batting: RHB Landon Dorfmeyer 0-0: Called Strike
0-1: SINGLE (Line Drive, 8LS, EV 93.1 MPH)
Batting: LHB Michael Hughes 0-0: Ball
1-0: Foul Ball, location: 2F
1-1: Called Strike
Landon Dorfmeyer is caught stealing 2nd base 2-6
1-2: Ball
2-2: Ball
3-2: SINGLE (Line Drive, 4MD, EV 97.5 MPH)
Batting: LHB Dave Hargrave 0-0: Ball
1-0: Ball
2-0: Foul Ball, location: 2F
2-1: Ball
3-1: Base on Balls
Michael Hughes to second
Batting: LHB Ozzie Young 0-0: Swinging Strike
0-1: Ball
1-1: Ball
2-1: Ball
3-1: Called Strike
3-2: Grounds into double play, 3-6-1 (Groundball, 3S, EV 78.1 MPH)
Top of the 7th over - 0 runs, 2 hits, 0 errors, 1 left on base; Tucson 0 - Richmond 0
BOTTOM OF THE 7TH
Richmond Rams batting - Pitching for Tucson Toros : RHP Jim Bichsel
Batting: RHB Jaime Herring 0-0: Foul Ball, location: 2F
0-1: Ball
1-1: Foul Ball, location: 2F
1-2: SOLO HOME RUN (Flyball, 7LD, EV 91.9 MPH), Distance : 353 ft
Batting: LHB Evan Wilson 0-0: Foul Ball, location: 2F
0-1: Ball
1-1: Foul Ball, location: 2F
1-2: Fly out, F9 (Line Drive, 9S, EV 103.8 MPH)
Batting: LHB Logan Sparks 0-0: Called Strike
0-1: Ball
1-1: Ball
2-1: Foul Ball, location: 2F
2-2: Strikes out swinging
Batting: RHB Lou Winfield 0-0: Called Strike
0-1: Foul Ball, location: 2F
0-2: Ball
1-2: Strikes out swinging
Bottom of the 7th over - 1 run, 1 hit, 0 errors, 0 left on base; Tucson 0 - Richmond 1
TOP OF THE 8TH
Tucson Toros batting - Pitching for Richmond Rams : RHP Johnny Lawson
Now at 1B: Ken Daly
Now in LF: Linton Makepeace
Now in RF: Tommy Dupree
Batting: RHB Mason Eubanks 0-0: Swinging Strike
0-1: Called Strike
0-2: Ball
1-2: Reached on error, E1 (Groundball, 13, EV 68.1 MPH)
Batting: LHB Eaton Duda 0-0: Foul Ball, location: 2F
0-1: Ball
Wild Pitch!
Mason Eubanks to third
1-1: Ball
2-1: Foul Ball, location: 2F
2-2: Strikes out swinging, 2-3 out at first.
Batting: RHB Drake Ferris 0-0: Called Strike
0-1: Called Strike
0-2: Ground out U3 (Groundball, 23, EV 83.8 MPH)
Batting: LHB Autry Subandrio 0-0: Called Strike
0-1: Ball
1-1: Ball
2-1: Ground out 4-3 (Groundball, 4, EV 88.8 MPH)
Top of the 8th over - 0 runs, 0 hits, 1 error, 1 left on base; Tucson 0 - Richmond 1
BOTTOM OF THE 8TH
Richmond Rams batting - Pitching for Tucson Toros : RHP Jim Bichsel
Batting: RHB Joey Shelton 0-0: Ball
1-0: Swinging Strike
1-1: Called Strike
1-2: Foul Ball, location: 2F
1-2: Fly out, F5 (Line Drive, 5, EV 64.4 MPH)
Batting: LHB Kenny Hillestad 0-0: Ball
1-0: Foul Ball, location: 2F
1-1: Ball
2-1: Ball
3-1: Base on Balls
Pitching: RHP Jonas LaBelle
Batting: RHB Ken Daly 0-0: Grounds into double play, 6-4-3 (Groundball, 6, EV 84.4 MPH)
Bottom of the 8th over - 0 runs, 0 hits, 0 errors, 0 left on base; Tucson 0 - Richmond 1
TOP OF THE 9TH
Tucson Toros batting - Pitching for Richmond Rams : RHP Johnny Lawson
Pitching: RHP Maverick Rioux
Batting: RHB Devin Mastroianni 0-0: Swinging Strike
0-1: Ball
1-1: Ball
2-1: Called Strike
2-2: Strikes out swinging
Batting: RHB Landon Dorfmeyer 0-0: Ball
1-0: Ground out 4-3 (Groundball, 4, EV 86.9 MPH)
Batting: LHB Michael Hughes 0-0: Called Strike
0-1: Ball
1-1: Ball
2-1: Ball
3-1: Base on Balls
Batting: LHB Dave Hargrave 0-0: Ball
1-0: Foul Ball, location: 2F
1-1: Swinging Strike
1-2: Strikes out looking
Top of the 9th over - 0 runs, 0 hits, 0 errors, 1 left on base; Tucson 0 - Richmond 1
Monday, May 13th , 2024 - OOTP Baseball 23.10 Build 110